 Dungeon Crawl Stone Soup version 0.22-a0-197-g4ac3794 (webtiles) character file.

177 sunny1234 the Magician (level 5, -5/28 HPs)
             Began as a Deep Elf Fire Elementalist on Feb 17, 2018.
             Slain by frogmouthbird's ghost (8 damage)
             ... on level 3 of the Dungeon.
             The game lasted 00:05:04 (1944 turns).

sunny1234 the Magician (Deep Elf Fire Elementalist) Turns: 1944, Time: 00:05:05

Health: -5/28      AC:  3    Str:  3    XL:     5   Next: 30%
Magic:  5/13       EV: 14    Int: 21    God:
Gold:   152        SH:  0    Dex: 15    Spells: 6/13 levels left

rFire    . . .     SeeInvis .   l - +0 great sword (curse)
rCold    . . .     Gourm    .   (shield currently unavailable)
rNeg     . . .     Faith    .   a - +1 robe
rPois    .         Spirit   .   (no helmet)
rElec    .         Reflect  .   (no cloak)
rCorr    .         Harm     .   (no gloves)
MR       .....                  (no boots)
Stlth    ++........             (no amulet)
HPRegen  0.09/turn              q - -2 ring of strength (curse)
MPRegen  0.13/turn              (no ring)

@: no status effects
A: no striking features
a: no special abilities


You were on level 3 of the Dungeon.
You were not hungry.

You visited 1 branch of the dungeon, and saw 3 of its levels.

You collected 152 gold pieces.

Inventory:

Hand Weapons
 l - a cursed +0 great sword (weapon)
Armour
 a - a +1 robe (worn)
Jewellery
 q - a cursed -2 ring of strength (left hand)
Scrolls
 h - 2 scrolls of identify
Potions
 e - a potion of mutation
 g - 2 potions of magic {unknown}
 i - 2 potions of brilliance {unknown}
 k - a potion of flight {unknown}
 m - a potion of berserk rage {unknown}
 n - a potion of might {unknown}
 o - a potion of degeneration {unknown}
Books
 b - a book of Flames

   Spells                             Type                      Level
   a - Flame Tongue                   Conjuration/Fire             1
   b - Throw Flame                    Conjuration/Fire             2
   c - Conjure Flame                  Conjuration/Fire             3
   d - Inner Flame                    Hexes/Fire                   3
   e - Sticky Flame                   Conjuration/Fire             4
   f - Fireball                       Conjuration/Fire             5
 p - a book of Cantrips

   Spells                             Type                      Level
   a - Confusing Touch                Hexes                        1
   b - Animate Skeleton               Necromancy                   1
   c - Summon Small Mammal            Summoning                    1
   d - Apportation                    Translocation                1
Comestibles
 c - 9 rations
 d - 3 chunks of flesh


   Skills:
 + Level 3.8 Dodging
 - Level 2.4 Stealth
 + Level 4.5 Spellcasting
 + Level 3.0 Conjurations
 + Level 4.3 Fire Magic


You had 6 spell levels left.
You knew the following spells:

 Your Spells              Type           Power        Failure   Level  Hunger
a - Flame Tongue          Conj/Fire      ###..        2%          1    None
b - Conjure Flame         Conj/Fire      ###.....     8%          3    ##.....
c - Inner Flame           Hex/Fire       ##......     14%         3    ##.....


Dungeon Overview and Level Annotations

Branches:
Dungeon (3/15)

Altars:

Annotations:
D:3 frogmouthbird's ghost, weakling DsGl


Message History

Frogmouthbird's ghost is moderately damaged.
Frogmouthbird's ghost hits you!
* * * LOW HITPOINT WARNING * * *
Casting: Flame Tongue (safe; 2% risk of failure)
Confirm with . or Enter, or press ? or * to list all spells.
Aiming: Flame Tongue (safe; 2% risk of failure)
Press: ? - help, Shift-Dir - straight line, f/p - frogmouthbird's ghost
Aim: frogmouthbird's ghost (moderately damaged)
The flame tongue misses frogmouthbird's ghost.
Frogmouthbird's ghost hits you.
* * * LOW HITPOINT WARNING * * *
Casting: Flame Tongue (safe; 2% risk of failure)
Confirm with . or Enter, or press ? or * to list all spells.
Aiming: Flame Tongue (safe; 2% risk of failure)
Press: ? - help, Shift-Dir - straight line, f/p - frogmouthbird's ghost
Aim: frogmouthbird's ghost (moderately damaged)
The flame tongue hits frogmouthbird's ghost.
Frogmouthbird's ghost is severely damaged.
Frogmouthbird's ghost hits you!
You die...

#.# .
#####.##.....
#.)...[......
#.###........
#.#$......#..
#.#.#.....#
#.#.....#####
#.##.......b#
#....@.†.....
####..W)....#
#.........
#.........
#######... ..
.


You could see frogmouthbird's ghost.

Vanquished Creatures
  A sky beast (D:2)
  A gnoll (D:1)
  An adder (D:2)
  An ooze (D:1)
  An adder skeleton (D:3)
  A worm (D:2)
  2 leopard geckos (D:1)
  A ball python (D:2)
  A bat (D:2)
  2 giant cockroaches
  9 hobgoblins
  4 jackals (D:2)
  5 frilled lizards
  9 goblins
  5 kobolds
  10 rats
54 creatures vanquished.

Notes
Turn   | Place    | Note
-------+----------+-------------------------------------------
     0 | D:1      | sunny1234 the Deep Elf Fire Elementalist began the quest for the Orb.
     0 | D:1      | Reached XP level 1. HP: 10/10 MP: 6/6
   179 | D:1      | Reached XP level 2. HP: 15/15 MP: 1/8
   481 | D:1      | Reached XP level 3. HP: 19/19 MP: 6/10
  1138 | D:2      | Noticed a sky beast
  1150 | D:2      | Killed a sky beast
  1150 | D:2      | Reached XP level 4. HP: 6/24 MP: 3/12
  1389 | D:2      | Reached XP level 5. HP: 21/28 MP: 13/13
  1675 | D:2      | Learned a level 3 spell: Conjure Flame
  1679 | D:2      | Learned a level 3 spell: Inner Flame
  1702 | D:2      | Found a faded altar of an unknown god.
  1935 | D:3      | Noticed frogmouthbird's ghost (weakling DsGl)
  1944 | D:3      | Slain by frogmouthbird's ghost

Vault maps used:
D:1:      lemuel_arrival_funnel, minmay_pentomino_s4
D:2:      chequers_ecumenical_altar_simple_redux, minmay_misc_feat_x
D:3:      nicolae_overflow_crystal_walls, ashenzari_altar_1, xom_butterflies,
          first_ration, grunt_ministairs_8

Skill      XL: |  1  2  3  4  5 |
---------------+----------------+-----
Dodging        | 3 |  3.8
Conjurations   | 2 3 |  3.0
Spellcasting   | 4 |  4.5
Fire Magic     | 4 |  4.3
Stealth        | |  2.4

Action                   |  1- 3 |  4- 6 || total
-------------------------+-------+-------++-------
Melee: Unarmed           |     4 |       ||     4
       Great sword       |       |    30 ||    30
 Cast: Flame Tongue      |    46 |    29 ||    75
  Use: Scroll            |       |     3 ||     3
 Stab: Sleeping          |       |     1 ||     1
  Eat: Chunk             |       |     3 ||     3
Armor: Robe              |     1 |     5 ||     6
Dodge: Dodged            |    16 |    56 ||    72
       Rpst.: Great sword |       |    18 ||    18

Table legend:
 A = Spawn XP
 B = Non-spawn XP
 C = Spawn XP percentage of total XP
 D = Spawn monster count
 E = Non-spawn monster count
 F = Spawn count percentage of total count
 G = Total turns spent on level
                    A         B        C        D         E        F      G
               +---------+---------+-------+---------+---------+-------+---------
         Total |       0 |     253 |   0.0 |       0 |      54 |   0.0 |  1944
               +---------+---------+-------+---------+---------+-------+---------
           D:1 |       0 |      51 |   0.0 |       0 |      22 |   0.0 |  1074
           D:2 |       0 |     190 |   0.0 |       0 |      27 |   0.0 |   792
           D:3 |       0 |      12 |   0.0 |       0 |       5 |   0.0 |    78
               +---------+---------+-------+---------+---------+-------+---------
